 Dungeon Crawl Stone Soup version bcrawl-1.13.1 (webtiles) character file.

Game seed: 7659928005284404424

75 Chiseanne the Sneak (level 4, 0/30 HPs)
             Began as a Kobold Archaeologist on Aug 2, 2019.
             Slain by a centaur (10 damage)
             ... on level 3 of the Dungeon.
             The game lasted 00:03:25 (1751 turns).

Chiseanne the Sneak (Kobold Archaeologist)          Turns: 1751, Time: 00:03:26

Health: 0/30       AC:  8    Str:  9    XL:     4   Next: 55%
Magic:  4/4        EV: 16    Int: 15    God:
Gold:   152        SH:  0    Dex: 13    Spells: 3/3 levels left

rFire    . . .     SeeInvis .   a - +0 hand axe
rCold    . . .     Gourm    .   (shield restricted)
rNeg     . . .     Faith    .   p - +2 robe {MR+}
rPois    .         Spirit   .   c - +1 hat
rElec    .         Reflect  .   (no cloak)
rCorr    .         Harm     .   (no gloves)
MR       +....                  d - +2 pair of boots
Stlth    +++.......             (no amulet)
HPRegen  0.10/turn              (no ring)
MPRegen  0.09/turn              (no ring)

@: studying Polearms
A: small, carnivore, mutation resistance 1
a: no special abilities


You were on level 3 of the Dungeon.
You were completely stuffed.

You visited 1 branch of the dungeon, and saw 3 of its levels.

You collected 152 gold pieces.

Inventory:

Hand Weapons
 a - a +0 hand axe (weapon)
Missiles
 k - 113 bolts
 l - 724 stones (quivered)
 n - 122 sling bullets
Armour
 c - a +1 hat (worn)
 d - a +2 pair of boots (worn)
 p - a +2 robe of magic resistance (worn)
Scrolls
 h - 3 scrolls of identify
 i - a scroll of enchant armour
 j - a scroll of teleportation
Potions
 m - 2 potions of mutation
 o - a potion of heal wounds {unknown}
Books
 e - a manual of Polearms
Miscellaneous
 f - an ancient crate
Comestibles
 g - 2 rations {!d}


   Skills:
 - Level 2.4 Fighting
   Level 0.8 Maces & Flails
 + Level 3.3 Polearms
 - Level 3.6 Dodging
 - Level 4.4 Stealth


You had 3 spell levels left.
You didn't know any spells.
Your spell library was empty.

Dungeon Overview and Level Annotations

Branches:
Dungeon (3/12)

Altars:
Vehumet

Annotations:
D:2 Terence
D:3 Sigmund


Innate Abilities, Weirdness & Mutations

You are small and have problems with some larger weapons.
You are carnivorous and can eat meat at any time.
You are somewhat resistant to further mutation.


Message History

You hit the centaur.
The centaur is heavily wounded.
The centaur barely misses you. The centaur hits you.
You hit the centaur.
The centaur is severely wounded.
The centaur barely misses you. x2
You hit the centaur.
The centaur is severely wounded.
The centaur hits you but does no damage.
A magic dart appears from out of thin air!
The magic dart hits you! The centaur closely misses you.
You hit the centaur but do no damage.
The centaur is severely wounded.
The centaur hits you.
You hear some strange, mumbled words.
Something tries to affect you, but you resist.
You barely miss the centaur.
The centaur is severely wounded.
The centaur hits you! Something barely misses you. The centaur hits you!
You die...

......#...#........####
................#.##
####..#...#.##.##.##
#..##..###......#
#.......###..##.##
#...##.##.#...#..#
##..#............#
#........#...#.)###
#.@#...#.##.##.....
#c.##.##.......####
#... ....####### #####
###


You could see a centaur.

Vanquished Creatures
  2 adders
  2 oozes
  A worm (D:2)
  A dart slug (D:2)
  2 leopard geckos
  An orc (D:3)
  2 giant cockroaches
  5 hobgoblins
  7 kobolds
  A quokka (D:3)
  A ball python (D:2)
  4 bats
  5 frilled lizards
  5 goblins (D:1)
  5 rats
44 creatures vanquished.

Notes
Turn   | Place    | Note
-------+----------+-------------------------------------------
     0 | D:1      | Chiseanne the Kobold Archaeologist began the quest for the
                  | Orb.
     0 | D:1      | Reached XP level 1. HP: 12/12 MP: 1/1
    44 | D:1      | Reached skill level 1 in Fighting
   197 | D:1      | Reached XP level 2. HP: 17/19 MP: 2/2
   428 | D:1      | Reached XP level 3. HP: 18/25 MP: 3/3
   521 | D:1      | Reached skill level 1 in Polearms
   814 | D:2      | Found a radiant altar of Vehumet.
  1043 | D:2      | Noticed Terence
  1254 | D:2      | Reached XP level 4. HP: 9/30 MP: 4/4
  1730 | D:3      | Noticed Sigmund
  1736 | D:3      | Noticed a centaur
  1751 | D:3      | Slain by a centaur

Skill      XL: |  1  2  3  4 |
---------------+-------------+-----
Fighting       | 1 2 |  2.4
Polearms       | 2 3 |  3.3
Maces & Flails | |  0.8
Dodging        | |  3.6
Stealth        | |  4.4

Action                   |  1- 3 |  4- 6 || total
-------------------------+-------+-------++-------
Melee: Whip              |    83 |       ||    83
       Hand axe          |    64 |    37 ||   101
Throw: Stone             |     5 |       ||     5
  Use: Scroll            |     5 |       ||     5
 Stab: Sleeping          |     7 |     3 ||    10
  Eat: Chunk             |    10 |     1 ||    11
Armor: Robe              |    43 |    15 ||    58
Dodge: Dodged            |   127 |    36 ||   163
